 Dungeon Crawl Stone Soup version 0.24-a0-139-geb6712d (webtiles) character file.

Game seed: 7794008524510869824

387 jerryfan the Skirmisher (level 6, 0/39 HPs)
             Began as a Gargoyle Fighter on Mar 1, 2019.
             Slain by a gnoll
             ... wielding a +0 halberd
              (5 damage)
             ... on level 4 of the Dungeon.
             The game lasted 00:07:20 (3708 turns).

jerryfan the Skirmisher (Gargoyle Fighter)          Turns: 3708, Time: 00:07:21

Health: 0/39       AC: 12    Str: 20    XL:     6   Next: 78%
Magic:  11/11      EV:  9    Int: 10    God:
Gold:   99         SH:  0    Dex:  9    Spells: 12/12 levels left

rFire    . . .     SeeInvis .   a - +0 flail
rCold    . . .     Gourm    .   (no shield)
rNeg     + . .     Faith    .   b - +0 scale mail
rPois    ∞         Spirit   .   (no helmet)
rElec    +         Reflect  .   g - +0 cloak
rCorr    .         Harm     .   (no gloves)
MR       .....                  (no boots)
Stlth    ..........             (no amulet)
HPRegen  0.13/turn              (no ring)
MPRegen  0.12/turn              (no ring)

@: no status effects
A: negative energy resistance 1, electricity resistance, unbreathing,
petrification resistance, rot immunity, AC +4
a: no special abilities


You were on level 4 of the Dungeon.
You were hungry.

You visited 1 branch of the dungeon, and saw 4 of its levels.

You collected 99 gold pieces.

Inventory:

Hand Weapons
 a - a +0 flail (weapon)
 n - a +0 antimagic mace
 t - a +2 whip of distortion
Missiles
 c - 115 stones
 o - 7 tomahawks (quivered)
Armour
 b - a +0 scale mail (worn)
 g - a +0 cloak (worn)
 v - a +0 pair of boots
Magical Staves
 s - an uncursed staff of death
Wands
 k - a wand of digging (5)
Scrolls
 e - a scroll of enchant weapon {unknown}
 i - a scroll of random uselessness {unknown}
 j - 2 scrolls of identify
 m - a scroll of fear {unknown}
 p - 2 scrolls of teleportation {unknown}
Potions
 d - 3 potions of brilliance
 h - 2 potions of curing
 q - a potion of might
 r - a potion of mutation {unknown}
Comestibles
 f - 8 rations
 u - 8 chunks of flesh


   Skills:
 + Level 4.6 Fighting
 + Level 3.5 Maces & Flails
 + Level 4.5 Armour
   Level 3.2 Shields
 * Level 3.6 Spellcasting


You had 12 spell levels left.
You didn't know any spells.
Your spell library was empty.

Dungeon Overview and Level Annotations

Branches:
Dungeon (4/15)
 Temple: D:4-7

Altars:

Annotations:
D:3 exclusion: downstairs
D:4 Sigmund


Innate Abilities, Weirdness & Mutations

You are resistant to torment.
Your stone body is resilient. (AC +4)
You are immune to poison.
You resist negative energy. (rN+)
You are resistant to electric shocks. (rElec)
You can survive without breathing.
You are immune to petrification.
You are immune to rotting.


Message History

The gnoll hits you from afar with a +0 halberd!
You closely miss the gnoll. The gnoll misses you. The gnoll barely misses you.
You barely miss the gnoll. The gnoll hits you.
The gnoll hits you from afar with a +0 halberd.
* * * LOW HITPOINT WARNING * * *
You barely miss the gnoll. The gnoll hits you but does no damage.
The gnoll misses you.
You closely miss the gnoll. The gnoll hits you but does no damage.
The gnoll hits you from afar with a +0 halberd.
* * * LOW HITPOINT WARNING * * *
The gnoll hits you but does no damage.
You closely miss the gnoll. The gnoll barely misses you.
The gnoll hits you but does no damage.
You hit the gnoll.
The gnoll is lightly wounded.
The gnoll hits you but does no damage.
There is an escape hatch in the ceiling here.
The gnoll hits you but does no damage.
The gnoll hits you from afar with a +0 halberd.
You die...

#..>##........>...# # .
###.####..........# #. # #.#
#..........# #.# # #.#
######..#### #..# # ######.##
###....## #..## #.......#
#...##..# #..# #.......#
#.#.###.# #<. #.......#
####.#.# #.########.
#.......###..@...# #....##....
####......#.g..))#####..##.#..
##.#...#g...<.............#
#.##.......)#...####...#..
#..#..#.......#...........
##.##.#.....#............. .
#.#.....###...........
#.###÷.## #........... #.#
#..####...........


You could see 2 gnolls.

Vanquished Creatures
  A black bear (D:4)
  An orc wizard (D:3)
  Terence (D:3)
  A worker ant (D:4)
  11 adders
  2 gnolls (D:4)
  3 worms
  4 dart slugs
  3 leopard geckos
  5 orcs
  4 giant cockroaches
  11 goblins
  8 hobgoblins
  3 jackals (D:2)
  7 kobolds
  2 quokkas (D:4)
  8 bats
  4 frilled lizards
  7 rats
86 creatures vanquished.

Vanquished Creatures (others)
  A rat (D:1)
1 creature vanquished.

Grand Total: 87 creatures vanquished

Notes
Turn   | Place    | Note
-------+----------+-------------------------------------------
     0 | D:1      | jerryfan the Gargoyle Fighter began the quest for the Orb.
     0 | D:1      | Reached XP level 1. HP: 14/14 MP: 1/1
    85 | D:1      | Reached XP level 2. HP: 3/19 MP: 1/3
   370 | D:1      | Reached skill level 1 in Spellcasting
   696 | D:1      | Reached XP level 3. HP: 23/23 MP: 4/4
  1384 | D:2      | Reached XP level 4. HP: 28/29 MP: 6/6
  1624 | D:2      | HP: 1/29 [worm (6)]
  2022 | D:2      | Reached XP level 5. HP: 30/33 MP: 8/8
  2524 | D:3      | Noticed Terence
  2556 | D:3      | Killed Terence
  3258 | D:4      | Noticed Sigmund
  3280 | D:3      | Reached XP level 6. HP: 18/39 MP: 10/10
  3641 | D:4      | Noticed a black bear
  3685 | D:4      | Killed a black bear
  3708 | D:4      | Slain by a gnoll

Levels and vault maps discovered:
D:1:      dpeg_arrival_water_temple_mockup, layout_basic
D:2:      layout_basic, minmay_misc_feat_cross
D:3:      layout_basic, uniq_terence
D:4:      layout_rooms, gammafunk_ghost_nasty_kobolds, first_ration,
          uniq_sigmund

Skill      XL: |  1  2  3  4  5 |
---------------+----------------+-----
Spellcasting   | 1 2 3 |  3.6
Fighting       | 4 |  4.6
Armour         | 4 |  4.5
Maces & Flails | 3 |  3.5
Shields        | |  3.2

Action                   |  1- 3 |  4- 6 || total
-------------------------+-------+-------++-------
Melee: Flail             |   141 |   253 ||   394
Throw: Stone             |       |     4 ||     4
       Tomahawk          |       |     1 ||     1
  Use: Potion            |     3 |     1 ||     4
       Scroll            |       |     1 ||     1
  Eat: Chunk             |     2 |     7 ||     9
Armor: Scale mail        |   187 |   207 ||   394
Dodge: Dodged            |   141 |   197 ||   338

Table legend:
 A = Non-vault XP
 B = Vault XP
 C = Vault XP percentage of total XP
 D = Non-vault monster count
 E = Vault monster count
 F = Vault count percentage of total count
                 A         B        C        D         E       F
            +---------+---------+-------+---------+---------+-------
      Total |     517 |      36 |   6.5 |      85 |       1 |   1.2
            +---------+---------+-------+---------+---------+-------
        D:1 |      45 |       0 |   0.0 |      23 |       0 |   0.0
        D:2 |     140 |       0 |   0.0 |      29 |       0 |   0.0
        D:3 |     105 |      36 |  25.5 |      21 |       1 |   4.5
        D:4 |     227 |       0 |   0.0 |      12 |       0 |   0.0
            +---------+---------+-------+---------+---------+-------
